Map: Acropolis LE

Players

ShoWTimE - Winner!

  • Race: Protoss Protoss
  • Spawn Location: 11:00

RiSky

  • Race: Zerg Zerg
  • Spawn Location: 5:00

VOD

Have the link to the VOD?

Description

Time

  • Played on: Sept. 6, 2019, 8:06 p.m.
  • Length: 35:43
Show
View Real Time Build Order
Export as new Build Order

ShoWTimE Protoss - Winner!

Build Orders: 1 Gate Expand, Oracle Opening, Phoenix Opening, Archon Immortal 

Get SALT Encoding   

  12  0:00  Probe  
  13  0:12  Probe  
  14  0:18  Pylon  
  14  0:24  Probe  
  15  0:32  Probe  
  15  0:40  Gateway, Probe  
  16  0:46  Assimilator  
  17  0:51  Probe  
  18  1:03  Probe  
  19  1:15  Probe  
  20  1:24  Nexus  
  20  1:28  Probe  
  21  1:37  Cybernetics Core  
  21  1:42  Probe  
  21  1:46  Assimilator  
  22  1:53  Pylon  
  22  1:55  Probe  
  23  2:03  Adept  
  23  2:11  Probe  
  26  2:19  Stargate  
  26  2:23  Probe  
  26  2:25  Warp Gate  
  27  2:32  Probe x2  
  27  2:33  Adept  
  31  2:40  Probe x2  
  31  2:49  Probe  
  31  2:50  Probe  
  35  2:59  Phoenix  
  35  3:01  Probe  
  35  3:02  Probe  
  38  3:13  Probe  
  38  3:14  Probe  
  38  3:17  Oracle  
  38  3:19  Pylon  
  40  3:25  Probe  
  40  3:26  Probe  
  45  3:29  Gateway  
  45  3:38  Gateway, Probe  
  45  3:39  Probe  
  47  3:42  Adept  
  49  3:49  Twilight Council  
  49  3:50  Probe  
  49  3:54  Pylon  
  50  3:56  Resonating Glaives  
  50  3:58  Probe  
  51  4:03  Probe  
  51  4:06  Assimilator  
  51  4:08  Assimilator  
  52  4:10  Pylon, Probe  
  52  4:15  Probe  
  54  4:19  Robotics Facility  
  54  4:21  Adept  
  54  4:22  Probe  
  57  4:30  Adept  
  59  4:36  Adept  
  61  4:40  Pylon  
  61  4:48  Adept  
  61  4:50  Probe x2  
  65  4:56  Pylon, Adept x2  
  69  5:08  Observer  
  70  5:15  Adept  
  70  5:16  Adept  
  70  5:17  Adept  
  76  5:26  Nexus  
  76  5:29  Pylon  
  76  5:34  Probe x2  
  78  5:37  Adept x3  
  84  5:45  Immortal  
  84  5:46  Probe x2  
  82  5:58  Probe x2  
  78  6:04  Sentry x3  
  78  6:08  Pylon  
  78  6:10  Probe x2  
  80  6:15  Immortal  
  80  6:16  Charge  
  72  6:20  Shield Battery  
  72  6:22  Probe  
  72  6:23  Probe  
  78  6:28  Forge  
  78  6:34  Probe  
  78  6:35  Probe  
  78  6:38  Zealot x2  
  84  6:40  Probe  
  84  6:45  Adept  
  84  6:47  Probe  
  87  6:48  Protoss Ground Weapons Level 1  
  87  6:49  Probe  
  87  6:50  Gateway x2  
  88  6:57  Gateway, Probe  
  88  6:59  Immortal  
  88  7:00  Gateway  
  89  7:04  Probe  
  89  7:06  Probe  
  89  7:07  Assimilator  
  95  7:11  Assimilator  
  95  7:12  Probe  
  96  7:16  Probe  
  96  7:18  Probe  
  96  7:21  Pylon  
  96  7:22  Pylon  
  98  7:24  Probe  
  98  7:25  Gateway  
  98  7:29  Warp Prism  
  99  7:35  Photon Cannon  
  99  7:36  Shield Battery  
  101  7:44  Zealot x2  
  101  7:45  Zealot  
  101  7:47  Templar Archives  
  107  7:58  Immortal  
  107  8:02  Zealot x2  
  107  8:03  Blink, Zealot x2  
  119  8:06  Pylon  
  117  8:25  Pylon, Adept  
  117  8:26  High Templar, Adept  
  117  8:27  High Templar x5  
  127  8:28  Immortal  
  127  8:31  Shield Battery, Archon x2  
  127  8:32  Shield Battery, Archon  
  127  8:33  Phoenix  
  135  8:35  Pylon  
  139  8:44  Pylon  
  139  8:46  Zealot x2  
  142  8:49  Pylon  
  130  9:00  Protoss Ground Weapons Level 2  
  130  9:01  Pylon  
  124  9:03  Pylon  
  124  9:07  Zealot x4, High Templar x2  
  124  9:08  Zealot  
  136  9:11  Immortal  
  136  9:13  Archon  
  140  9:28  Zealot x4  
  144  9:41  High Templar x4  
  144  9:42  Immortal  
  144  9:45  Archon  
  150  9:46  Pylon, Archon  
  150  9:49  Pylon  
  150  9:55  Zealot x2  
  150  9:56  Zealot x2  
  158  10:03  Pylon  
  158  10:14  Stalker x4  
  158  10:18  Shield Battery  
  158  10:19  Stalker x2  
  158  10:21  Photon Cannon  
  166  10:26  Stalker  
  168  10:33  Zealot  
  170  10:38  Zealot x2  
  170  10:42  Warp Prism  
  170  10:48  Adept x2  
  144  11:07  Stalker x6  
  142  11:14  Stalker x2  
  142  11:18  Immortal  
  141  11:34  Zealot x5  
  139  11:46  Zealot x3  
  139  11:55  High Templar, Stalker  
  139  11:56  High Templar x3  
  139  11:57  Immortal  
  139  12:00  Archon x2  
  153  12:03  Pylon  
  151  12:08  High Templar  
  151  12:09  Zealot, High Templar  
  151  12:14  Nexus  
  140  12:26  Stalker  
  140  12:30  Archon  
  140  12:31  Protoss Ground Weapons Level 3  
  140  12:32  Zealot x2, Pylon, High Templar x2  
  140  12:36  Archon  
  148  12:41  Zealot x3  
  152  12:47  Probe  
  152  12:48  Probe x2  
  155  12:52  Observer  
  156  13:01  Gateway  
  156  13:05  Zealot  
  156  13:06  Zealot  
  156  13:08  Zealot x4  
  159  13:15  Zealot  
  158  13:26  Zealot x2  
  166  13:30  Zealot  
  160  13:37  High Templar x4  
  165  13:42  Archon x2, Assimilator  
  165  13:44  Assimilator  
  161  13:50  Zealot x2  
  162  14:01  Photon Cannon  
  162  14:05  Photon Cannon  
  156  14:10  Stalker x3  
  152  14:18  Zealot x3  
  148  14:31  Psionic Storm  
  148  14:33  High Templar x2  
  148  14:34  High Templar x2  
  156  14:39  Archon  
  156  14:40  Archon  
  156  14:41  Zealot  
  150  14:46  Nexus  
  146  14:59  High Templar x2  
  148  15:05  Pylon, High Templar  
  150  15:16  High Templar  
  150  15:21  Zealot, Adept x2  
  150  15:24  Protoss Ground Armor Level 1  
  150  15:27  Robotics Facility  
  156  15:36  High Templar  
  156  15:41  Assimilator  
  152  15:47  Assimilator  
  152  15:54  Zealot x4  
  152  15:55  Zealot x2  
  152  15:56  Probe  
  152  15:57  Probe x2  
  163  16:09  Probe x3  
  164  16:11  Observer  
  164  16:16  High Templar x2  
  169  16:23  Stalker x2  
  167  16:34  Stalker x3  
  167  16:38  Void Ray  
  163  16:50  Zealot x4  
  165  17:10  Zealot x5, High Templar x2  
  165  17:14  Nexus  
  176  17:17  Archon  
  176  17:20  Probe x2  
  176  17:21  Probe x2  
  172  17:32  Probe  
  172  17:33  Probe x3  
  172  17:35  Observer  
  177  17:39  Zealot x4  
  177  17:43  High Templar x2  
  189  17:44  Probe  
  189  17:45  Probe x2  
  189  17:49  Zealot  
  194  18:02  Fleet Beacon  
  194  18:04  Pylon  
  194  18:06  Photon Cannon  
  194  18:09  Photon Cannon  
  194  18:14  Zealot x4  
  189  18:28  Stalker x3  
  195  18:45  Zealot x2  
  195  18:47  Protoss Shields Level 1  
  199  18:52  Stargate  
  199  18:55  Stargate  
  191  19:11  Zealot x3  
  191  19:12  Zealot  
  198  19:21  Zealot  
  198  19:22  Zealot x2  
  200  19:31  Tempest  
  199  19:42  Pylon  
  199  19:47  Pylon  
  199  19:55  Tempest  
  200  20:10  Warp Prism  
  200  20:22  Tempest  
  189  20:29  Photon Cannon  
  181  20:38  High Templar x4  
  181  20:40  Robotics Facility  
  181  20:41  Robotics Bay  
  189  20:53  Nexus  
  189  20:55  Pylon, Tempest x2  
  181  21:11  Zealot x6  
  181  21:12  Probe x3, Zealot  
  181  21:13  Probe  
  173  21:19  Tempest  
  173  21:20  Probe  
  173  21:21  Probe  
  173  21:24  Probe  
  173  21:25  Probe  
  182  21:28  Probe  
  182  21:29  Probe  
  183  21:36  Probe, Disruptor x2, Assimilator  
  183  21:37  Probe  
  183  21:38  Photon Cannon  
  183  21:39  Probe x2  
  184  21:42  Photon Cannon  
  192  21:48  Probe  
  192  21:49  Probe  
  182  22:06  High Templar x3  
  161  22:23  Oracle  
  162  22:30  Disruptor x2  
  154  22:39  Nexus  
  154  22:42  Pylon  
  150  22:51  Zealot x7  
  156  22:59  Probe x3  
  156  23:00  Probe  
  159  23:07  High Templar  
  159  23:11  Probe  
  155  23:21  Probe x2  
  155  23:25  Zealot x7  
  171  23:34  Disruptor  
  163  23:44  Oracle  
  166  23:55  Pylon  
  166  24:07  Nexus  
  164  24:11  Pylon  
  164  24:20  Pylon  
  164  24:23  Probe  
  153  24:32  High Templar x4, Probe  
  154  24:40  Archon x2  
  152  24:59  Zealot x3  
  158  25:11  Probe x3  
  161  25:21  Probe  
  161  25:23  Probe  
  163  25:31  Probe  
  163  25:32  Probe  
  158  25:36  Probe  
  154  25:43  Probe  
  154  25:44  Probe  
  154  25:53  Probe  
  155  25:57  Probe  
  155  26:01  Probe  
  157  26:09  Probe  
  157  26:11  Probe  
  158  26:17  Zealot  
  161  26:20  Probe  
  160  26:33  Probe  
  160  26:34  Observer  
  160  26:41  Probe x2  
  160  26:49  Probe  
  161  26:59  Probe  
  160  27:03  Assimilator  
  160  27:06  Assimilator  
  160  27:07  Probe  
  162  27:17  Probe  
  163  27:29  Probe  
  164  27:32  Nexus  
  164  27:34  Pylon  
  164  27:41  Probe  
  165  27:50  Warp Prism  
  165  27:56  Photon Cannon  
  165  27:57  Photon Cannon  
  167  28:12  Probe x4  
  168  28:44  High Templar x6  
  180  28:49  Assimilator  
  180  28:53  Assimilator  
  180  28:56  Photon Cannon  
  180  29:08  Oracle  
  176  29:33  Pylon  
  176  29:34  Photon Cannon  
  176  29:36  Shield Battery  
  176  29:37  Oracle  
  179  29:40  Stalker x2  
  179  29:44  Nexus  
  183  29:46  Pylon  
  183  29:54  Stalker x3  
  183  29:58  Stalker  
  188  30:02  Stalker  
  188  30:13  Archon  
  167  30:29  Carrier x2  
  168  30:44  Disruptor  
  168  30:47  Oracle  
  174  30:57  Stalker x3  
  174  30:59  Probe x3  
  174  31:01  Probe  
  181  31:06  Probe  
  181  31:09  Probe  
  181  31:11  Probe x2  
  185  31:17  Probe x2  
  185  31:18  Probe  
  188  31:21  Probe  
  185  31:27  Pylon  
  185  31:39  Nexus  
  185  31:52  Protoss Air Weapons Level 1  
  185  32:05  Assimilator  
  185  32:09  Assimilator  
  185  32:10  Photon Cannon  
  185  32:12  Photon Cannon  
  185  32:14  Photon Cannon, Pylon  
  185  32:16  Pylon  
  185  32:33  Disruptor  
  188  32:42  Photon Cannon  
  188  32:44  Photon Cannon  
  188  32:46  Photon Cannon  
  188  32:47  Shield Battery  
  188  32:50  Shield Battery  
  188  32:53  Assimilator  
  188  32:57  Assimilator  
  188  33:00  Carrier x2  
  188  33:04  Carrier  
  182  33:07  Protoss Shields Level 2  
  182  33:08  Disruptor  
  175  33:32  Probe x5  
  175  33:33  Probe  
  181  33:44  Probe x5  
  186  33:54  High Templar x6  
  186  33:55  High Templar  
  200  33:59  Archon x2  
  200  34:00  Archon  
  200  34:10  Gravitic Boosters  
  197  34:51  Stalker x5  
  199  34:57  Stalker x2  
  199  35:04  Stalker  
  189  35:13  Pylon  
  189  35:14  Photon Cannon, Stalker x2  
  189  35:15  Stalker x3  
Show
View Real Time Build Order
Export as new Build Order

RiSky Zerg 

Build Orders: Hatch First, Swarm Host 

Get SALT Encoding   

  12  0:00  Drone  
  13  0:11  Overlord  
  13  0:16  Drone  
  14  0:30  Drone x2  
  16  0:47  Hatchery  
  15  0:51  Drone  
  15  0:55  Drone  
  17  0:57  Drone  
  18  1:09  Extractor  
  17  1:13  Spawning Pool  
  17  1:15  Drone  
  17  1:19  Drone  
  18  1:27  Drone  
  19  1:38  Drone  
  20  1:48  Overlord  
  20  2:00  Zergling x2, Queen x2  
  20  2:01  Zergling x2  
  26  2:10  Drone x2  
  26  2:12  Metabolic Boost  
  28  2:20  Drone  
  29  2:23  Drone  
  30  2:34  Hatchery  
  30  2:36  Drone  
  30  2:39  Drone  
  31  2:45  Queen  
  31  2:50  Overlord  
  33  2:56  Drone  
  33  2:58  Drone  
  35  3:01  Drone  
  36  3:09  Drone x2  
  36  3:11  Drone x2  
  39  3:13  Drone x2  
  39  3:15  Overlord  
  39  3:17  Drone  
  42  3:21  Drone  
  42  3:24  Drone  
  44  3:33  Queen x2  
  48  3:35  Drone  
  48  3:36  Overlord  
  48  3:40  Drone  
  48  3:41  Drone  
  51  3:42  Drone  
  52  3:50  Spore Crawler  
  52  3:52  Spore Crawler  
  52  3:55  Overlord  
  50  3:56  Drone  
  50  3:59  Drone  
  50  4:00  Drone  
  50  4:01  Drone x3  
  56  4:04  Zergling x4  
  58  4:10  Lair  
  58  4:14  Overlord x2  
  58  4:16  Zergling x2  
  59  4:19  Spore Crawler, Drone  
  59  4:21  Drone  
  59  4:24  Drone  
  61  4:26  Drone x3  
  61  4:29  Drone  
  64  4:33  Drone  
  64  4:36  Drone, Extractor  
  64  4:37  Drone  
  64  4:38  Roach Warren, Extractor  
  65  4:40  Overlord  
  65  4:42  Drone x2  
  65  4:43  Drone  
  65  4:45  Drone  
  68  4:46  Drone  
  68  4:49  Overlord  
  68  4:52  Zergling x6  
  71  4:53  Zergling x2  
  71  4:55  Zergling x2  
  71  4:58  Overlord  
  73  5:02  Drone x2  
  73  5:06  Drone  
  76  5:09  Extractor  
  76  5:10  Extractor  
  76  5:13  Extractor  
  73  5:15  Evolution Chamber  
  73  5:18  Roach x4  
  73  5:19  Glial Reconstitution  
  73  5:20  Roach x2  
  84  5:22  Drone x2  
  84  5:25  Drone x2  
  84  5:28  Roach  
  89  5:32  Roach x3  
  94  5:36  Roach  
  94  5:39  Roach  
  94  5:41  Roach  
  97  5:52  Zergling x4  
  97  5:53  Zergling x2  
  97  5:55  Ravager  
  91  6:04  Roach x2  
  91  6:05  Roach  
  91  6:07  Drone  
  91  6:08  Drone x2  
  94  6:15  Infestation Pit  
  92  6:20  Overlord x2  
  92  6:23  Overlord x2  
  92  6:32  Zerg Missile Weapons Level 1  
  92  6:34  Overlord  
  92  6:38  Overlord x2  
  92  6:41  Drone x3  
  92  6:44  Drone  
  92  6:46  Drone x2  
  97  6:47  Drone  
  97  6:49  Drone x2  
  97  6:50  Drone  
  97  6:52  Drone x2  
  100  6:54  Drone  
  100  6:55  Drone  
  100  6:57  Drone  
  100  6:58  Drone x2  
  105  7:04  Drone  
  105  7:05  Overseer  
  105  7:06  Drone x2  
  108  7:10  Drone x3  
  111  7:21  Overlord, Hatchery  
  110  7:30  Overlord x2  
  110  7:38  Swarm Host x8  
  134  7:45  Swarm Host  
  134  7:46  Swarm Host x2  
  134  7:49  Swarm Host x2  
  147  7:53  Swarm Host  
  147  7:56  Swarm Host x2  
  156  7:59  Swarm Host  
  156  8:05  Zergling x4  
  161  8:10  Zergling x2  
  161  8:11  Zergling x12  
  161  8:12  Nydus Network  
  167  8:25  Spine Crawler  
  167  8:26  Spine Crawler  
  166  8:27  Ravager x4, Spine Crawler  
  166  8:28  Spine Crawler  
  166  8:30  Overlord x3  
  167  8:40  Roach x3  
  173  8:42  Roach  
  175  8:51  Roach x4  
  175  8:54  Roach x2  
  175  8:55  Roach  
  184  8:56  Overseer  
  184  8:59  Roach x3  
  184  9:03  Nydus Canal  
  182  9:10  Roach x2  
  182  9:11  Roach  
  182  9:12  Ravager x3  
  182  9:14  Zergling x4  
  193  9:23  Nydus Canal  
  193  9:29  Zergling x10  
  193  9:30  Zergling x10  
  199  9:41  Nydus Canal  
  199  9:51  Zerg Missile Weapons Level 2  
  196  9:54  Infestation Pit  
  195  10:13  Nydus Canal  
  188  10:16  Drone x3  
  188  10:17  Overlord  
  188  10:18  Extractor x2  
  189  10:25  Overlord x2  
  189  10:28  Hive  
  189  10:30  Baneling Nest, Spire  
  182  10:41  Zergling x2  
  182  10:42  Zergling x32  
  196  10:48  Roach  
  194  10:54  Roach  
  194  10:55  Roach  
  198  10:59  Roach  
  192  11:04  Roach x3  
  192  11:06  Roach x3  
  193  11:13  Drone x4  
  193  11:16  Nydus Canal  
  193  11:20  Roach x2  
  193  11:23  Ravager x9  
  199  11:27  Drone  
  167  11:40  Zergling x2  
  167  11:41  Zergling x24  
  173  11:48  Greater Spire  
  173  11:49  Zergling x2  
  173  11:54  Roach x3  
  166  12:03  Swarm Host x4  
  166  12:08  Ravager, Zerg Melee Weapons Level 1  
  175  12:09  Ravager x5  
  175  12:11  Zergling x4  
  168  12:24  Roach x2  
  168  12:25  Roach x2  
  171  12:33  Roach x8  
  184  12:47  Centrifical Hooks  
  181  12:56  Zergling x14  
  186  13:03  Zergling x4  
  188  13:05  Hatchery  
  188  13:06  Nydus Canal  
  162  13:29  Roach x3  
  162  13:31  Ravager x6  
  162  13:32  Ravager x4  
  162  13:33  Zergling x26  
  190  13:35  Zergling x4  
  190  13:38  Zergling x4  
  175  13:52  Zergling x16  
  175  13:57  Baneling x8  
  175  13:59  Nydus Canal  
  171  14:11  Baneling x14  
  171  14:15  Zergling x12  
  169  14:18  Zergling x4  
  169  14:22  Ravager x3  
  168  14:34  Drone  
  168  14:35  Drone x9  
  174  14:51  Nydus Canal  
  173  14:59  Corruptor x5  
  168  15:04  Nydus Canal  
  177  15:14  Drone  
  177  15:15  Drone x8  
  177  15:17  Spine Crawler  
  177  15:18  Nydus Canal  
  185  15:28  Spine Crawler x2  
  183  15:33  Brood Lord x2  
  183  15:34  Brood Lord  
  187  15:36  Zerg Melee Weapons Level 2  
  187  15:40  Nydus Canal  
  185  15:46  Drone x2  
  185  15:47  Spine Crawler  
  185  15:48  Spore Crawler  
  182  16:06  Brood Lord x2  
  184  16:11  Zergling x10  
  184  16:12  Zergling x6  
  189  16:23  Queen x2  
  193  16:26  Pathogen Glands  
  180  16:42  Zergling x30  
  190  16:47  Baneling x4  
  190  16:48  Baneling x12  
  190  16:52  Zergling x12  
  190  16:53  Zergling x4  
  194  17:07  Infestor x2  
  198  17:12  Hatchery  
  198  17:13  Infestor  
  196  17:23  Infestor x2  
  194  17:31  Nydus Canal, Infestor x2  
  194  17:37  Extractor  
  197  17:38  Extractor  
  196  17:46  Hatchery  
  196  17:47  Infestor x3  
  197  17:54  Nydus Canal  
  196  18:02  Zergling x8  
  200  18:08  Nydus Canal  
  198  18:16  Corruptor x2  
  191  18:21  Zergling x2  
  191  18:22  Zergling x22  
  193  18:27  Corruptor x2  
  193  18:33  Infestor x2  
  191  18:44  Infestor  
  191  18:45  Infestor x2  
  191  18:46  Baneling  
  191  18:47  Baneling x9  
  194  18:53  Zergling x10  
  194  18:54  Spine Crawler  
  198  18:58  Spine Crawler  
  198  19:01  Zerg Melee Weapons Level 3  
  191  19:13  Brood Lord x2  
  191  19:15  Zergling x12  
  191  19:16  Nydus Canal  
  181  19:25  Hatchery  
  173  19:36  Infestor x2  
  171  19:42  Zergling x16  
  166  19:47  Hatchery  
  166  19:48  Zergling x6  
  166  19:52  Infestor x2  
  155  19:55  Brood Lord  
  159  20:11  Zergling x18  
  165  20:16  Neural Parasite  
  153  20:23  Zergling x2  
  153  20:24  Zergling x6  
  144  20:47  Nydus Canal  
  144  20:56  Infestor x3  
  146  21:08  Hatchery  
  146  21:10  Corruptor  
  140  21:21  Zergling x2  
  140  21:22  Zergling x6  
  136  21:39  Zergling x2  
  134  21:40  Zergling x2, Hatchery  
  134  21:42  Queen  
  133  21:48  Brood Lord  
  134  22:09  Corruptor x2  
  134  22:12  Zergling x2  
  136  22:29  Zergling x4  
  138  22:44  Zergling x20  
  138  22:48  Zergling x2  
  144  22:53  Zergling x4  
  142  23:10  Drone  
  142  23:11  Drone x2  
  139  23:24  Hatchery  
  133  23:40  Zergling x2  
  133  23:41  Zergling x20  
  144  23:55  Baneling x4  
  144  23:57  Queen  
  145  24:05  Zergling x10  
  149  24:16  Zergling x2  
  153  24:17  Zergling x8  
  149  24:27  Zergling x8  
  153  24:34  Zergling x2  
  154  24:39  Overlord x2  
  144  24:56  Zergling x6  
  144  24:57  Zergling x10  
  145  25:11  Queen x2  
  149  25:15  Extractor  
  149  25:17  Extractor  
  147  25:25  Drone x3  
  149  25:34  Hatchery  
  146  25:49  Zergling x2  
  149  25:50  Zergling x22  
  148  26:12  Queen x2  
  148  26:15  Hatchery  
  148  26:17  Spore Crawler  
  150  26:19  Spore Crawler x2  
  148  26:32  Infestor  
  144  26:35  Zergling x22  
  156  26:51  Extractor x2  
  154  26:59  Infestor  
  154  27:00  Hatchery  
  145  27:09  Drone x9  
  143  27:30  Corruptor  
  143  27:31  Corruptor  
  145  27:47  Hatchery  
  144  27:57  Extractor  
  143  27:58  Extractor  
  143  28:00  Zergling x24  
  152  28:29  Infestor x2  
  152  28:30  Infestor  
  157  28:41  Zergling x16  
  156  28:48  Corruptor  
  159  29:19  Corruptor x3  
  163  29:32  Drone x4  
  163  29:33  Drone x2  
  169  29:46  Extractor  
  168  29:58  Drone x3  
  168  29:59  Drone  
  150  30:16  Infestor  
  150  30:17  Infestor x2  
  140  30:44  Corruptor x2  
  140  31:06  Infestor x3  
  144  31:26  Zergling x8  
  144  31:41  Nydus Canal  
  144  31:49  Infestor x2  
  146  32:09  Infestor x2  
  150  32:17  Nydus Canal  
  150  32:24  Zergling x2  
  150  32:25  Zergling x2  
  134  33:06  Hatchery  
  118  33:16  Drone  
  118  33:17  Drone x2  
  119  33:39  Infestor  
  121  34:06  Viper  
  124  34:23  Brood Lord  
  126  34:27  Overseer  
  126  35:07  Drone  
  126  35:08  Drone x7  
  126  35:09  Extractor  
Tags
 
Add a new tag
Caveats
  • Supply blocks, unpowered buildings, or Contaminate may cause inaccurate times.
  • Supply counts are checked every 10 seconds.